 Dungeon Crawl Stone Soup version 0.18-a0-1726-g399342b (webtiles) character file.

1874 Crabhammer the Grappler (level 8, 0/87 HPs)
             Began as a Troll Monk on Apr 12, 2016.
             Slain by an ogre
             ... wielding a +0 giant spiked club
              (12 damage)
             ... on level 5 of the Dungeon.
             The game lasted 00:20:35 (5837 turns).

Crabhammer the Grappler (Troll Monk)                Turns: 5837, Time: 00:20:35

Health: 0/87       AC:  5    Str: 20    XL:     8   Next: 91%
Magic:  7/7        EV: 10    Int:  6    God:
Gold:   351        SH:  3    Dex: 14    Spells: 0 memorised, 7 levels left

rFire  x . .     SeeInvis .       - Unarmed
rCold  + . .     Gourm    +     a - +0 robe
rNeg   . . .     Faith    .     (no shield)
rPois  .         Spirit   .     (helmet restricted)
rElec  .         Dismiss  .     (no cloak)
rCorr  .         Reflect  +     (gloves unavailable)
SustAt .         Harm     .     (boots unavailable)
MR     .....                    s - +3 amulet of reflection
Stlth  +.........               (no ring)
                                c - ring of ice

@: lethally poisoned (0 -> 0), drained, invisible, not resistant to hostile
enchantments, very unstealthy
A: unfitting armour, claws 3, fast metabolism 3, gourmand, regeneration 2,
shaggy fur 1, tough skin 2, evolution 1
a: no special abilities


You were on level 5 of the Dungeon.
You were not hungry.

You visited 1 branch of the dungeon, and saw 6 of its levels.
You also visited: Ossuary.

You collected 351 gold pieces.

Inventory:

Missiles
 q - 2 poisoned tomahawks (quivered)
Armour
 a - a +0 robe (worn)
Jewellery
 c - a ring of ice (left claw)
 l - a cursed -3 ring of protection {unknown}
 s - a +3 amulet of reflection (around neck)
 A - an uncursed ring of fire {unknown}
Scrolls
 e - 4 scrolls of identify
 f - 2 scrolls of enchant weapon
 j - 4 scrolls of remove curse
 r - a scroll of vulnerability {unknown}
 v - a scroll of magic mapping {unknown}
 x - 2 scrolls of amnesia
 B - a scroll of teleportation
Potions
 g - 3 potions of heal wounds
 h - 5 potions of flight {unknown}
 n - 2 potions of magic {unknown}
 o - a potion of agility {unknown}
 p - 5 potions of berserk rage {unknown}
 u - 2 potions of haste {unknown}
 z - 3 potions of cancellation {unknown}
Books
 t - a book of Flames

   Spells                             Type                      Level
   a - Flame Tongue                   Conjuration/Fire             1
   b - Throw Flame                    Conjuration/Fire             2
   c - Conjure Flame                  Conjuration/Fire             3
   d - Inner Flame                    Hexes/Fire                   3
   e - Sticky Flame                   Conjuration/Fire             4
   f - Fireball                       Conjuration/Fire             5
 y - a book of Clouds

   Spells                             Type                      Level
   a - Mephitic Cloud                 Conjuration/Poison/Air       3
   b - Conjure Flame                  Conjuration/Fire             3
   c - Poisonous Cloud                Conjuration/Poison/Air       6
   d - Freezing Cloud                 Conjuration/Ice/Air          6
   e - Ring of Flames                 Charms/Fire                  7
Comestibles
 b - 6 bread rations
 d - 4 meat rations
 i - 4 fruits
 m - 3 beef jerkies
 w - a slice of pizza


   Skills:
 * Level 7.5(7.0) Fighting
 + Level 3.1(2.6) Dodging
 - Level 1.1(0.7) Stealth
 + Level 8.6(8.1) Unarmed Combat


You had 7 spell levels left.
You didn't know any spells.

Dungeon Overview and Level Annotations

Branches:
Dungeon (6/15)
 Temple: D:4-7

Altars:
Ashenzari
Trog

Shops:
D:6 %[

Annotations:
D:6 Dowan, Duvessa


Innate Abilities, Weirdness & Mutations

You are too large for most types of armour.
You have claws for hands.
Your metabolism is lightning-fast.
You like to eat raw meat.
You heal very quickly.
You are covered in fur (AC +1).
You have very tough skin (AC +2).
You evolve.


Message History

The orc wizard gestures wildly while chanting.
The orc wizard flickers and vanishes!
Deactivating autopickup; reactivate with Ctrl-A.
The orc wizard mumbles some strange words.
The orc wizard seems to speed up.
You feel sick.
The orc priest calls down the wrath of Beogh upon you.
Beogh smites you!
* * * LOW HITPOINT WARNING * * *
You feel sick.
Drink which item? (? for menu, Esc to quit)
You feel much better.
The ogre hits you with a giant spiked club!
* * * LOW HITPOINT WARNING * * *
The orc closely misses you.
Drink which item? (? for menu, Esc to quit)
You fade into invisibility!
You feel sick.
The ogre hits you with a giant spiked club!
You die...

######### ############ #.......#
#......##... #.#####.#
#.####.#.... #(#####.# #.#
#.#..## #.##....# #.# #.#..##
#.##....# ##.####.#..##
#####.##....########.....#.#.##
#.....##....(..@Oo.#..##.#.#####
#.######...#######o#..#.o.......
#.#...............o.....{.......
##.#.####...####.##.#o....#.#<..#
.....###....####(##.#.###.#.#...#
....>.................o..........
....####.........##.#...[.#.###.#
....####.....######.#######.# #.#
....(............##.........# #.#


You could see an ogre, an orc priest and an orc.

Vanquished Creatures
  The ghost of mdk the Skirmisher, a novice MiHu (D:5)
  Eustachio (D:4)
  Menkaure (D:5)
  Edmund (D:5)
  A sky beast (D:6)
  5 wights (D:6)
  3 crimson imps
  A giant frog zombie (D:5)
  2 hounds
  An orc priest (D:6)
  An orc wizard (D:6)
  A centaur skeleton (D:5)
  An iguana (D:3)
  2 worker ants
  A hound zombie (D:5)
  A hound skeleton (D:4)
  13 mummies (Ossuary)
  12 gnolls
  7 adders
  An ooze (D:3)
  An adder skeleton (D:4)
  4 worms
  2 dart slugs (D:2)
  6 giant geckos
  4 orcs
  5 giant cockroaches
  7 goblins
  7 hobgoblins
  13 jackals
  11 kobolds
  2 ball pythons
  10 bats
  3 giant newts
  3 gnoll skeletons (Ossuary)
  2 goblin skeletons (Ossuary)
  A jackal skeleton (D:6)
  2 kobold skeletons (Ossuary)
  An orc skeleton (Ossuary)
  A quokka skeleton (D:5)
  4 rats
  11 rat skeletons (Ossuary)
157 creatures vanquished.

Vanquished Creatures (others)
  A wizard (D:4)
1 creature vanquished.

Grand Total: 158 creatures vanquished

Notes
Turn   | Place    | Note
--------------------------------------------------------------
     0 | D:1      | Crabhammer the Troll Monk began the quest for the Orb.
     0 | D:1      | Reached XP level 1. HP: 22/22 MP: 0/0
   205 | D:1      | Reached XP level 2. HP: 29/29 MP: 1/1
   932 | D:2      | Found a shattered altar of Ashenzari.
   968 | D:2      | Reached XP level 3. HP: 32/36 MP: 2/2
  1488 | D:2      | Reached skill level 5 in Unarmed Combat
  1555 | D:2      | Reached XP level 4. HP: 43/45 MP: 3/3
  2059 | D:3      | Reached XP level 5. HP: 51/53 MP: 4/4
  2647 | D:4      | Found a sand-covered staircase.
  2648 | D:4      | Noticed Eustachio
  2656 | D:4      | Killed Eustachio
  2656 | D:4      | Reached skill level 6 in Unarmed Combat
  2656 | D:4      | Reached XP level 6. HP: 54/63 MP: 5/5
  2791 | Ossuary  | Entered an ossuary
  2971 | Ossuary  | Reached skill level 5 in Fighting
  3062 | Ossuary  | Reached XP level 7. HP: 49/72 MP: 6/6
  3244 | Ossuary  | Gained mutation: You evolve. [potion of beneficial mutation]
  3428 | D:4      | Found a bloodstained altar of Trog.
  3431 | D:4      | Noticed a wizard
  3436 | D:4      | Killed a wizard
  3986 | D:5      | Entered Level 5 of the Dungeon
  4030 | D:5      | Noticed mdk's ghost (novice MiHu)
  4097 | D:5      | Killed mdk's ghost
  4097 | D:5      | Reached skill level 7 in Unarmed Combat
  4097 | D:5      | Reached XP level 8. HP: 38/83 MP: 7/7
  4456 | D:5      | Noticed Menkaure
  4465 | D:5      | Killed Menkaure
  4594 | D:5      | Reached skill level 8 in Unarmed Combat
  5123 | D:6      | Noticed Edmund
  5132 | D:5      | Killed Edmund
  5164 | D:6      | Found Ziekunwo's Food Emporium.
  5182 | D:6      | Found Wesiarea's Armour Shoppe.
  5468 | D:6      | Noticed Duvessa
  5474 | D:6      | Noticed Dowan
  5837 | D:5      | Slain by an ogre

Vault maps used:
D:1:      lemuel_arrival_tunnels
D:2:      ashenzari_conservatory_becter, minmay_box_of_dots
D:4:      enter_ossuary_5, trog_wizard, uniq_eustachio
D:5:      first_bread, uniq_menkaure
D:6:      nicolae_ru_the_path_less_chosen, minmay_temple_entry_nine_rooms,
          serial_shops, shop_statue, shop_statue, shop, uniq_edmund,
          uniq_duvessa
Ossuary:  ossuary_due_small_catacomb

Skill      XL: |  1  2  3  4  5  6  7  8 |
---------------+-------------------------+-----
Fighting       | 3 4 5 6 7 |  7.5
Unarmed Combat | 5 6 7 8 |  8.6
Dodging        | 3 |  3.1
Stealth        | |  1.1

Action                   |  1- 3 |  4- 6 |  7- 9 || total
-------------------------+-------+-------+-------++-------
Melee: Unarmed           |   116 |   169 |   170 ||   455
  Use: Scroll            |       |     9 |     3 ||    12
       Potion            |       |       |     8 ||     8
 Stab: Sleeping          |     3 |     2 |       ||     5
       Invisible         |       |       |     2 ||     2
  Eat: Chunk             |    20 |    12 |    21 ||    53
